 Dungeon Crawl Stone Soup version 0.29.1-2-gbd0b4ee654 (webtiles) character file.

Game seed: 6021140460009567056

383 warriortoast the Trooper (level 6, -2/41 HPs)
             Began as a Gargoyle Fighter on Nov 2, 2022.
             Was an Initiate of Ashenzari.
             Killed by divine providence
             ... invoked by an orc priest
              (11 damage)
             ... on level 4 of the Dungeon.
             The game lasted 00:16:42 (4672 turns).

warriortoast the Trooper (Gargoyle Fighter)         Turns: 4672, Time: 00:16:43

Health: -2/41      AC: 12    Str: 20    XL:     6   Next: 76%
Magic:  6/6        EV:  9    Int: 10    God:    Ashenzari [......]
Gold:   171        SH:  4    Dex:  9    Spells: 5/5 levels left

rFire   . . .      SeeInvis .   a - +0 flail
rCold   . . .      Faith    .   c - +0 buckler "Cursed Flawed Execution" {Comp, Melee} (curse)
rNeg    + . .      Spirit   .   b - +0 scale mail
rPois   ∞          Reflect  .   l - +0 helmet
rElec   +          Harm     .   (no cloak)
rCorr   .          Rampage  .   (no gloves)
Will    .....                   (no boots)
Stlth   ..........              (no amulet)
HPRegen 0.13/turn               (no ring)
MPRegen 0.10/turn               (no ring)

@: no status effects
A: sickness immunity, AC +4, negative energy resistance 1, electricity
resistance, torment resistance 1, petrification resistance
a: Renounce Religion, Shatter the Chains


You were on level 4 of the Dungeon.
You worshipped Ashenzari.
Ashenzari was noncommittal.
You visited 1 branch of the dungeon, and saw 5 of its levels.

You collected 171 gold pieces.

Inventory:

Hand Weapons
 a - a +0 flail (weapon)
Missiles
 q - 4 poisoned darts (quivered)
Armour
 b - a +0 scale mail (worn)
 c - the cursed +0 buckler "Cursed Flawed Execution" (worn) {Comp, Melee}

   It has a curse which improves the following skills: Companions: Summonings
   and Necromancy.
   Melee Combat: Short Blades, Long Blades, Axes, Maces & Flails, Polearms,
   Staves and Unarmed Combat.
 g - an orb of guile
 l - a +0 helmet (worn)
Jewellery
 p - a ring of ice
Scrolls
 h - a scroll of immolation {unknown}
 j - 2 scrolls of amnesia {unknown}
 m - 2 scrolls of teleportation
 n - 3 scrolls of identify {unknown}
 o - a scroll of vulnerability {unknown}
Potions
 d - 2 potions of might
 f - 4 potions of curing {unknown}
 i - 2 potions of resistance {unknown}
 k - 2 potions of lignification {unknown}


   Skills:
 + Level 5.9 Fighting
 + Level 4.8(5.2) Maces & Flails
 + Level 4.1 Armour
 - Level 3.2 Shields


You had 5 spell levels left.
You didn't know any spells.
Your spell library contained the following spells:

 Spells                   Type           Power      Damage    Failure   Level
 Necrotise                Necr           0%         1d4       80%         1
 Summon Small Mammal      Summ           0%         N/A       80%         1
 Call Canine Familiar     Summ           0%         N/A       99%         3
 Ignite Poison            Fire/Tmut/Pois 0%         N/A       99%         3
 Mephitic Cloud           Conj/Pois/Air  0%         N/A       99%         3
 Summon Guardian Golem    Hex/Summ       0%         N/A       99%         3
 Vampiric Draining        Necr           0%         2d6       99%         3
 Petrify                  Tmut/Erth      0%         N/A       100%        4
 Agony                    Necr           0%         N/A       100%        5
 Freezing Cloud           Conj/Ice/Air   0%         6-21      100%        5
 Irradiate                Conj/Tmut      0%         3d11      100%        5
 Sublimation of Blood     Necr           Unusable   N/A       N/A         2

Dungeon Overview and Level Annotations

Branches:
Dungeon (5/15)
 Temple: D:4-7

Altars:
Ashenzari
Fedhas
Gozag
Kikubaaqudgha
Zin

Shops:
D:4 :


Innate Abilities, Weirdness & Mutations

You are immune to sickness and miasma.
Your stone body is resilient. (AC +4)
You are immune to poison.
You resist negative energy. (rN+)
You are resistant to electric shocks. (rElec)
You are resistant to unholy torment.
You are immune to petrification.


Message History

The puff of frost hits you! The white imp gestures at you.
The puff of frost hits you.
You barely miss the white imp.
The white imp hits you but does no damage.
The white imp gestures at you. The puff of frost hits you!
* * * LOW HITPOINT WARNING * * *
You are too injured to fight recklessly!
You are too injured to fight recklessly!
You hit the white imp.
The white imp is moderately wounded.
The white imp barely misses you.
You barely miss the white imp.
The white imp is moderately wounded.
The white imp gestures at you. The puff of frost misses you.
You barely miss the white imp.
The white imp is moderately wounded.
The white imp gestures at you. The puff of frost hits you!
* * * LOW HITPOINT WARNING * * *
You barely miss the white imp.
The white imp is moderately wounded.
The white imp barely misses you.
You hit the white imp.
The white imp is heavily wounded.
The white imp gestures at you. The puff of frost misses you.
You sock the white imp!
You kill the white imp!
You start resting.
A hound comes into view.
There is a stone staircase leading up here.
You climb upwards.
There is a stone staircase leading down here.
The orc priest shouts!
You hear a shout!
The orc priest calls down the wrath of Beogh upon you.
Beogh smites you!
You die...

.##......####....................
........###...o............###...
...................[.......###...
.................................
...#...........##..###...........
...#..............####..#.....#..
...............>..# #.>##..#.####
................#####..#######
................@.##..##
...........####.......#
......<....# ###......###
...........# #..........#
..........####.........##
...............###....##
.........#.#...# #..###
##....##.####### ##.# ..##.#####
###


You could see an orc priest.

Vanquished Creatures
  A scorpion (D:4)
  3 hounds (D:5)
  An iguana (D:4)
  2 orc wizards
  A gnoll (D:5)
  4 adders
  A white imp (D:5)
  A worm (D:4)
  3 dart slugs (D:1)
  3 orcs
  6 bats
  6 endoplasms
  3 giant cockroaches
  9 goblins
  7 hobgoblins
  8 jackals
  11 kobolds
  6 quokkas
  2 ball pythons
  4 frilled lizards
  8 rats
90 creatures vanquished.

Notes
Turn   | Place    | Note
-------+----------+-------------------------------------------
     0 | D:1      | warriortoast the Gargoyle Fighter began the quest for the
                  | Orb.
     0 | D:1      | Reached XP level 1. HP: 14/14 MP: 1/1
   229 | D:1      | Reached XP level 2. HP: 16/19 MP: 2/2
   743 | D:1      | Reached XP level 3. HP: 11/24 MP: 3/3
   744 | D:1      | Reached skill level 4 in Fighting
  1884 | D:2      | Found a faded altar of an unknown god.
  2008 | D:2      | You fall into a shaft and drop 2 floors!
  2021 | D:4      | Reached XP level 4. HP: 30/30 MP: 4/4
  2640 | D:2      | Found a blossoming altar of Fedhas.
  3002 | D:3      | Found an ancient bone altar of Kikubaaqudgha.
  3005 | D:3      | Found an opulent altar of Gozag.
  3010 | D:3      | Found a broken altar of Ashenzari.
  3268 | D:3      | Found a glowing silver altar of Zin.
  3577 | D:3      | Became a worshipper of Ashenzari the Shackled
  3588 | D:4      | Found Kucweog's Book Boutique.
  3921 | D:4      | Reached XP level 5. HP: 34/34 MP: 5/5
  4007 | D:4      | Reached skill level 5 in Fighting
  4283 | D:4      | Reached XP level 6. HP: 33/40 MP: 6/6
  4426 | D:5      | Entered Level 5 of the Dungeon
  4672 | D:4      | Killed from afar by an orc priest

Illustrated notes

Levels and vault maps discovered:
D:1:      dpeg_cavernosity, layout_basic, roderic_roman_lattice
D:2:      layout_loops_ring, basic_altar, ebering_ecumenical_altar_petrified,
          chequers_serial_rivers_small_b
D:3:      layout_basic, zin_treasury, grunt_temple_overflow_open
D:4:      layout_cave_pools, serial_shops, shop
D:5:      layout_cave_pools, mainiacjoe_overflow_surrounded_room,
          lemuel_blue_sif_altar, mainiacjoe_overflow_small_starburst,
          lemuel_round_altar, serial_shops, nicolae_take_the_stairs,
          serial_gnoll_camp, grums_kennel, gnoll_camp_mini_doghouse,
          gnoll_camp_mini_shop, gnoll_camp_huts_moat

Skill      XL: |  1  2  3  4  5  6 |
---------------+-------------------+-----
Fighting       | 4 5 |  5.9
Maces & Flails | 3 4 |  4.8
Armour         | 4 |  4.1
Shields        | |  3.2

Action                   |  1- 3 |  4- 6 || total
-------------------------+-------+-------++-------
Melee: Flail             |   116 |   133 ||   249
Throw: Dart              |     7 |    26 ||    33
       Boomerang         |     4 |    37 ||    41
Invok: Curse Item        |       |     1 ||     1
  Use: Scroll            |       |     1 ||     1
Armor: Scale mail        |    82 |    86 ||   168
Dodge: Dodged            |    64 |    69 ||   133
Block: Buckler           |    29 |    30 ||    59
